 Dungeon Crawl Stone Soup version 0.18.1-50-g88ac8fd (webtiles) character file.

1750 Naarciss the Thaumaturge (level 8, 0/41 HPs)
             Began as a Deep Elf Conjurer on Sept 25, 2016.
             Killed from afar by Nordron's ghost (41 damage)
             ... with a fireball
             ... on level 6 of the Dungeon.
             The game lasted 00:42:04 (6830 turns).

Naarciss the Thaumaturge (Deep Elf Conjurer)        Turns: 6830, Time: 00:42:05

Health: 0/41       AC:  4    Str:  3 (5)  XL:     8   Next: 78%
Magic:  7/25       EV: 13    Int: 21 (23) God:
Gold:   175        SH:  0    Dex: 12 (15) Spells: 6 memorised, 10 levels left

rFire  . . .     SeeInvis +     C - staff of wizardry
rCold  . . .     Gourm    .     a - +2 robe
rNeg   . . .     Faith    .     (no shield)
rPois  .         Spirit   .     t - +0 hat
rElec  .         Dismiss  .     (no cloak)
rCorr  .         Reflect  .     (no gloves)
SustAt .         Harm     .     (no boots)
MR     +....                    (no amulet)
Stlth  +++.......               f - ring of see invisible
                                e - ring of protection from magic

@: somewhat resistant to hostile enchantments, fairly stealthy
A: no striking features
a: no special abilities


You were on level 6 of the Dungeon.
You were not hungry.

You visited 2 branches of the dungeon, and saw 7 of its levels.
You also visited: Sewer.

You collected 175 gold pieces.

Inventory:

Hand Weapons
 d - a +3 vampiric dagger
Armour
 a - a +2 robe (worn)
 t - a +0 hat (worn)
Magical Staves
 C - an uncursed staff of wizardry (weapon)
Jewellery
 e - a ring of protection from magic (left hand)
 f - a ring of see invisible (right hand)
Wands
 o - a wand of paralysis (20/24)
 z - a wand of slowing (26/48)
Scrolls
 g - a scroll of silence {unknown}
 i - a scroll of remove curse
 l - 2 scrolls of fog
 r - 2 scrolls of teleportation
 s - a scroll of identify
 y - a scroll of amnesia
Potions
 j - a potion of lignification
 v - 3 potions of invisibility
Books
 b - a book of Conjurations

   Spells                             Type                      Level
   a - Magic Dart                     Conjuration                  1
   b - Searing Ray                    Conjuration                  2
   c - Dazzling Spray                 Conjuration/Hexes            3
   d - Fulminant Prism                Conjuration/Hexes            4
   e - Iskenderun's Mystic Blast      Conjuration                  4
   f - Iskenderun's Battlesphere      Conjuration/Charms           5
Comestibles
 c - a meat ration
 h - a fruit
 m - 2 slices of pizza
 n - 5 bread rations


   Skills:
 - Level 0.2 Short Blades
 + Level 3.2 Dodging
 + Level 6.6 Stealth
 * Level 11.4 Spellcasting
 * Level 9.9 Conjurations
 + Level 5.9 Hexes
 + Level 5.9 Charms
 + Level 4.3 Evocations


You had 10 spell levels left.
You knew the following spells:

 Your Spells              Type           Power        Failure   Level  Hunger
a - Magic Dart            Conj           ####         1%          1    None
b - Searing Ray           Conj           ######       1%          2    None
c - Dazzling Spray        Conj/Hex       #####.       1%          3    None
d - Fulminant Prism       Conj/Hex       #####.....   1%          4    #......
e - Iskenderun's Battles  Conj/Chrm      #####...     3%          5    ####...
f - Iskenderun's Mystic   Conj           ######..     1%          4    #......


Dungeon Overview and Level Annotations

Branches:
Dungeon (6/15)             Temple (1/1) D:4

Altars:
Ashenzari
Cheibriados
Dithmenos
Elyvilon
Gozag
Kikubaaqudgha
Makhleb
Nemelex Xobeh
Okawaru
Pakellas
Qazlal
Ru
Sif Muna
Trog
Vehumet
Xom
Zin
The Shining One

Annotations:
D:6 Nordron's ghost, novice GrFE


Message History

Press: ? - help, Shift-Dir - straight line, f/p - Nordron's ghost
Aim: Nordron's ghost, wielding a weapon of protection (heavily damaged, chance to defeat MR: 21%) Nordron's ghost suddenly stops moving!
This wand has 21 charges left.
Found 2 lumpy puce potions.
Found a scroll of teleportation.
Found a stone staircase leading up.
You start resting.
Casting: Magic Dart
Confirm with . or Enter, or press ? or * to list all spells.
Okay, then.
Evoke which item? (* to show all) (? for menu, Esc to quit)
Zapping:
o - a wand of paralysis (21/24)
Press: ? - help, Shift-Dir - straight line, f/p - Nordron's ghost
Aim: Nordron's ghost, wielding a weapon of protection (moderately damaged, chance to defeat MR: 21%) Nordron's ghost resists with almost no effort.
This wand has 20 charges left.
Nordron's ghost gestures at you while chanting.
The fireball explodes!
The fireball engulfs you!
Ouch! That really hurt!
You die...

#........#?.#
##........# ..#
##......#...# ...
# ##......##...#
..#
#.#......####....
## #.....$##
#...## #.(..W##
#.### #..!..##
#.#...@#
###..........#
#.......##..
#......##
##.....# #.....#
#?....# #...<..


You could see Nordron's ghost.

Vanquished Creatures
  2 phantoms
  A scorpion (D:5)
  A howler monkey (D:5)
  A crimson imp (D:5)
  A centaur skeleton (D:4)
  2 orc priests (D:4)
  4 hounds
  3 orc wizards
  A worker ant (D:3)
  A hound skeleton (D:5)
  10 adders
  A howler monkey skeleton (D:6)
  A river rat (D:5)
  5 oozes
  2 worms
  4 dart slugs
  6 giant geckos
  11 orcs
  13 bats
  4 giant cockroaches
  19 goblins
  6 hobgoblins
  8 jackals
  4 quokkas
  4 ball pythons
  A ball python skeleton (D:4)
  9 giant newts
  7 kobolds
  11 rats
  2 fulminant prisms (D:6)
145 creatures vanquished.

Vanquished Creatures (others)
  12 fulminant prisms
12 creatures vanquished.

Grand Total: 157 creatures vanquished

Notes
Turn   | Place    | Note
--------------------------------------------------------------
     0 | D:1      | Naarciss the Deep Elf Conjurer began the quest for the Orb.
     0 | D:1      | Reached XP level 1. HP: 10/10 MP: 6/6
    97 | D:1      | Reached XP level 2. HP: 15/15 MP: 0/8
   117 | D:1      | Learned a level 2 spell: Searing Ray
   603 | D:1      | Reached skill level 5 in Conjurations
   603 | D:1      | Reached XP level 3. HP: 19/19 MP: 5/10
   608 | D:1      | Learned a level 3 spell: Dazzling Spray
  1426 | D:2      | Found an iron altar of Okawaru.
  1546 | D:2      | Found a shimmering altar of Xom.
  1743 | D:2      | Reached skill level 4 in Spellcasting
  1871 | D:2      | Reached XP level 4. HP: 24/24 MP: 9/12
  1877 | D:2      | Learned a level 4 spell: Fulminant Prism
  2331 | D:2      | Found a radiant altar of Vehumet.
  2357 | D:3      | Found a deep blue altar of Sif Muna.
  2760 | D:3      | Reached skill level 5 in Spellcasting
  2807 | D:3      | Found a bloodstained altar of Trog.
  2816 | D:3      | Reached XP level 5. HP: 28/28 MP: 0/14
  3179 | D:3      | Reached skill level 1 in Hexes
  3452 | D:3      | Noticed a phantom
  3465 | D:3      | Killed a phantom
  3465 | D:3      | Reached skill level 6 in Spellcasting
  3465 | D:3      | Reached XP level 6. HP: 32/32 MP: 0/17
  3831 | D:4      | Found a staircase to the Ecumenical Temple.
  3839 | Temple   | Entered the Ecumenical Temple
  4612 | D:4      | Reached skill level 7 in Spellcasting
  4923 | D:4      | Reached XP level 7. HP: 36/36 MP: 14/19
  4930 | D:4      | Learned a level 5 spell: Iskenderun's Battlesphere
  5209 | D:5      | Entered Level 5 of the Dungeon
  5323 | D:5      | Found a glowing drain.
  5441 | Sewer    | Entered a sewer
  5934 | D:5      | Reached skill level 8 in Spellcasting
  6033 | D:5      | Learned a level 4 spell: Iskenderun's Mystic Blast
  6117 | D:5      | Found a snail-covered altar of Cheibriados.
  6374 | D:5      | Reached skill level 11 in Spellcasting
  6374 | D:5      | Reached skill level 5 in Hexes
  6374 | D:5      | Reached skill level 5 in Charms
  6374 | D:5      | Reached XP level 8. HP: 41/41 MP: 21/25
  6462 | D:5      | Found a sacrificial altar of Ru.
  6758 | D:6      | Noticed Nordron's ghost (novice GrFE)
  6830 | D:6      | Killed from afar by Nordron's ghost

Skill      XL: |  1  2  3  4  5  6  7 |
---------------+----------------------+-----
Conjurations   | 5 6 9 |  9.9
Spellcasting   | 4 5 6 7 11 | 11.4
Stealth        | 3 6 |  6.6
Hexes          | 1 5 |  5.9
Dodging        | 3 |  3.2
Charms         | 5 |  5.9
Evocations     | 4 |  4.3
Short Blades   | |  0.2

Action                   |  1- 3 |  4- 6 |  7- 9 || total
-------------------------+-------+-------+-------++-------
Melee: Dagger            |       |     8 |     2 ||    10
       Staff             |       |       |     6 ||     6
 Cast: Magic Dart        |    58 |    89 |    74 ||   221
       Dazzling Spray    |    12 |    18 |    11 ||    41
       Searing Ray       |     3 |     4 |     6 ||    13
       Fulminant Prism   |       |     6 |     8 ||    14
       Iskenderun's Batt |       |       |     1 ||     1
Evoke: Wand              |       |     1 |     4 ||     5
  Use: Scroll            |     6 |    10 |     3 ||    19
       Potion            |       |       |     9 ||     9
 Stab: Paralysed         |       |     2 |     6 ||     8
  Eat: Bread ration      |     1 |       |       ||     1
       Pizza             |     1 |       |       ||     1
       Meat ration       |     1 |     3 |       ||     4
       Fruit             |       |       |     6 ||     6
Armor: Robe              |       |     5 |     8 ||    13
Dodge: Dodged            |     1 |    12 |    24 ||    37
